 Dungeon Crawl Stone Soup version 0.31-a0-133-gaae73658be (webtiles) character file.

Game seed: 15975239776941377450

2 Ijustatesigmund the Conjurer (level 1, 0/11 HPs)
             Began as an Octopode Conjurer on June 2, 2023.
             Slain by a jackal (2 damage)
             ... on level 1 of the Dungeon.
             The game lasted 00:00:20 (197 turns).

Ijustatesigmund the Conjurer (Octopode Conjurer)     Turns: 197, Time: 00:00:21

Health: 0/11       AC:  1    Str:  6    XL:     1   Next: 40%
Magic:  0/3        EV: 13    Int: 20    God:
Gold:   0          SH:  0    Dex: 10    Spells: 3/4 levels left

rFire   . . .        (no weapon)
rCold   . . .        (no shield)
rNeg    . . .        (helmet restricted)
rPois   .            (no amulet)
rElec   .            (no ring)
rCorr   .            (no ring)
SInv    .            (no ring)
Will    .....        (no ring)
Stlth   +++          (no ring)
HPRegen 0.21/turn    (no ring)
MPRegen 0.08/turn    (no ring)
                     (no ring)

%: no passive effects
@: no status effects
A: almost no armour, amphibious, 8 rings, camouflage 1, gelatinous body 1,
(nimble swimmer 1), tentacles
a: no special abilities


You were on level 1 of the Dungeon.
You visited 1 branch of the dungeon, and saw 1 of its levels.

Inventory:

Potions
 a - a potion of magic


   Skills:
 + Level 0.2 Fighting
 - Level 2.0 Dodging
 - Level 2.6 Stealth
 + Level 2.0 Spellcasting
 + Level 4.0 Conjurations


You had 3 spell levels left.
You knew the following spells:

 Your Spells              Type           Power      Damage    Failure   Level
a - Magic Dart            Conj           72%        1d6       3%          1

Your spell library contained the following spells:

 Spells                   Type           Power      Damage    Failure   Level
 Searing Ray              Conj           36%        2d5       4%          2
 Dazzling Flash           Conj/Hex       20%        N/A       21%         3
 Fulminant Prism          Conj/Hex       5%         3d6       56%         4
 Iskenderun's Mystic Bla  Conj/Tloc      10%        2d4       56%         4


Dungeon Overview and Level Annotations

Branches:
Dungeon (1/15)

Altars:


Innate Abilities, Weirdness & Mutations

You cannot wear most types of armour.
You are amphibious.
You can wear up to eight rings at the same time.
Your skin changes colour to match your surroundings (Stealth+).
Your rubbery body absorbs attacks. (AC +1, EV +1)
((You are camouflaged when in or above water. (Stealth+)))
You have tentacles for arms and can constrict up to eight enemies at once.


Message History

Aim: a jackal (almost dead, 100% to hit)
The magic dart hits the jackal.
You kill the jackal!
A ball python comes into view.
Casting: Magic Dart (safe; 3% risk of failure)
Confirm with . or Enter, or press ? or * to list all spells.
You don't have enough magic to cast this spell.
Unknown command.
You see here a hobgoblin corpse.
The jackal closely misses you. The jackal attacks as you move away!
The jackal bites you. The jackal bites you.
You tentacle-slap the jackal but do no damage.
Your grab misses the jackal. The jackal misses you.
You tentacle-slap the jackal but do no damage.
Your grab misses the jackal. Your squeeze misses the jackal.
The jackal bites you.
You closely miss the jackal. You grab the jackal.
You constrict the jackal, but do no damage.
The jackal barely misses you. x2
You tentacle-slap the jackal but do no damage.
You constrict the jackal, but do no damage.
The jackal misses you.
You tentacle-slap the jackal but do no damage.
You constrict the jackal, but do no damage.
The jackal bites you. x2
* * * LOW HITPOINT WARNING * * *
You tentacle-slap the jackal.
The jackal is moderately wounded.
You constrict the jackal. The jackal bites you.
* * * LOW HITPOINT WARNING * * *
Casting: Magic Dart (safe; 3% risk of failure)
Confirm with . or Enter, or press ? or * to list all spells.
Aiming: Magic Dart (safe; 3% risk of failure)
Press: ? - help, Shift-Dir - straight line, f - jackal
Aim: a jackal (heavily wounded, constricted by you, 100% to hit)
The magic dart hits the jackal but does no damage.
The jackal is heavily wounded.
You constrict the jackal. The jackal bites you.
You die...

##...##......#
######..#.....###.#
#....#..####....#.###
#.<..'..#..'.#..#...#
#....#..#..#....#...#
######..####.#..#...#
#.......#..#...#
#############..#
#@h......# ####†#####
#..# ##.# #.#
........# ###......
#....... ..........


You could see a jackal.

Vanquished Creatures
  A hobgoblin (D:1)
  A jackal (D:1)
2 creatures vanquished.

Notes
Turn   | Place    | Note
-------+----------+-------------------------------------------
     0 | D:1      | Ijustatesigmund the Octopode Conjurer began the quest for
                  | the Orb.
     0 | D:1      | Reached XP level 1. HP: 11/11 MP: 3/3
   197 | D:1      | Slain by a jackal

Illustrated notes

Levels and vault maps discovered:
D:1:      dpeg_arrival_erosion, layout_rooms,
          ebering_ecumenical_altar_sacrificial

Action                     || total
---------------------------++-------
  Melee: Unarmed           ||    11
         Constrict         ||     2
   Cast: Magic Dart        ||     7
  Dodge: Dodged            ||     9

Table legend: (Time is in decaauts)
 A = Elapsed time spent in this place.
 B = Non-inter-level travel time spent in this place.
 C = Inter-level travel time spent in this place.
 D = Time resting spent in this place.
 E = Time spent auto-exploring this place.
 F = Levels seen in this place.
 G = Mean time per level.
                   A        B        C        D        E       F      G
               +--------+--------+--------+--------+--------+-----+--------+
         Total |    197 |    197 |      0 |    130 |     40 |   1 |  197.0 |
       Dungeon |    197 |    197 |      0 |    130 |     40 |   1 |  197.0 |
               +--------+--------+--------+--------+--------+-----+--------+

Top non-repeatable levels by time:
     D:1: 197 daAuts
